 Dungeon Crawl Stone Soup version 0.30-a0-715-gdb4ae3ece1 (webtiles) character file.

Game seed: 16200945755603552731

744 avis the Chiller (level 7, -5/57 HPs)
             Began as a Demigod Ice Elementalist on Jan 25, 2023.
             Killed from afar by a steam dragon (12 damage)
             ... with a ball of steam
             ... on level 5 of the Dungeon.
             The game lasted 00:23:24 (4071 turns).

avis the Chiller (Demigod Ice Elementalist)         Turns: 4071, Time: 00:23:25

Health: -5/57      AC:  6    Str:  9    XL:     7   Next: 23%
Magic:  0/13       EV: 15    Int: 17    God:
Gold:   331        SH:  0    Dex: 28    Spells: 4/11 levels left

rFire   . . .      SeeInvis .    b - +0 sling
rCold   . . .      Faith    .    (no shield)
rNeg    . . .      Spirit   .    e - +0 robe
rPois   .          Reflect  .    F - +1 helmet
rElec   .          Harm     .    J - +0 cloak
rCorr   .          Rampage  .    f - +0 pair of gloves
Will    .....                    (no boots)
Stlth   +++                      (no amulet)
HPRegen 0.29/turn                p - +6 ring of dexterity
MPRegen 0.13/turn                (no ring)

@: no status effects
A: high MP 1, forlorn, divine attributes
a: no special abilities


You were on level 5 of the Dungeon.
You visited 1 branch of the dungeon, and saw 5 of its levels.

You collected 331 gold pieces.

Inventory:

Hand Weapons
 a - a +2 falchion of venom
 b - a +0 sling (weapon)
 s - a +4 heavy spear
 w - a +3 dagger
 x - a +2 dagger of speed
 H - a -3 dagger of freezing
Missiles
 i - 6 boomerangs
 k - 3 atropa-tipped darts
 D - 3 poisoned darts
Armour
 e - a +0 robe (worn)
 f - a +0 pair of gloves (worn)
 F - a +1 helmet (worn)
 J - a +0 cloak (worn)
Magical Staves
 r - a staff of death
Jewellery
 p - a +6 ring of dexterity (left hand)
 y - a ring of fire
Wands
 C - a wand of flame (6)
 K - a wand of charming (9)
Scrolls
 g - 3 scrolls of identify {unknown}
 j - a scroll of enchant armour {unknown}
 l - a scroll of vulnerability {unknown}
 m - a scroll of blinking {unknown}
 n - 2 scrolls of poison {unknown}
 q - a scroll of noise {unknown}
 u - a scroll of brand weapon {unknown}
 A - 4 scrolls of teleportation {unknown}
 B - a scroll of acquirement {unknown}
 G - a scroll of magic mapping {unknown}
Potions
 c - 3 potions of heal wounds {unknown}
 d - a potion of magic
 h - a potion of ambrosia {unknown}
 o - a potion of degeneration {unknown}
 t - 5 potions of curing {unknown}
 v - a potion of attraction {unknown}
 z - 2 potions of haste {unknown}
 E - a potion of resistance {unknown}
 I - 2 potions of mutation {unknown}


   Skills:
 - Level 3.0 Fighting
 - Level 4.0 Ranged Weapons
 * Level 3.9 Dodging
 - Level 2.0 Stealth
 - Level 2.5 Spellcasting
 - Level 5.0 Ice Magic


You had 4 spell levels left.
You knew the following spells:

 Your Spells              Type           Power      Damage    Failure   Level
a - Freeze                Ice            76%        1d8       2%          1
o - Ozocubu's Armour      Ice            19%        N/A       7%          3
r - Frozen Ramparts       Ice            38%        1d6       7%          3

Your spell library contained the following spells:

 Spells                   Type           Power      Damage    Failure   Level
 Apportation              Tloc           4%         N/A       19%         1
 Hailstorm                Conj/Ice       10%        3d5       21%         3
 Ice Form                 Ice/Tmut       10%        N/A       54%         4
 Summon Ice Beast         Ice/Summ       10%        N/A       54%         4
 Alistair's Intoxication  Tmut/Pois      1%         N/A       99%         5
 Simulacrum               Ice/Necr       5%         N/A       100%        6


Dungeon Overview and Level Annotations

Branches:
Dungeon (5/15)
 Temple: D:4-7

Shops:
D:2 [   D:5 *


Innate Abilities, Weirdness & Mutations

You have an increased reservoir of magic. (+10% MP)
You shall have no god before yourself.
Your divine heritage dramatically boosts your attributes as you level up.


Message History

Confirm with . or Enter, or press ? or * to list all spells.
Aiming: Freeze (safe; 2% risk of failure)
Press: ? - help, Shift-Dir - straight line, f/p - steam dragon
Aim: a steam dragon (heavily wounded)
You freeze the steam dragon.
The steam dragon is heavily wounded.
Your icy armour starts to melt.
The frozen ramparts melt away.
The steam dragon completely misses you.
The steam dragon claws you but does no damage.
Fire: b) +0 sling
Press: ? - help, Q - select action, (/) - cycle Shift-Dir - straight line, f/p - steam dragon
Aim: a steam dragon (heavily wounded, 67% to hit)
You shoot a sling bullet.
The sling bullet hits the steam dragon but does no damage.
The steam dragon is heavily wounded.
The steam dragon bites you. The steam dragon completely misses you.
Fire: b) +0 sling
Press: ? - help, Q - select action, (/) - cycle Shift-Dir - straight line, f/p - steam dragon
Aim: a steam dragon (heavily wounded, 67% to hit)
You shoot a sling bullet.
The sling bullet hits the steam dragon but does no damage.
The steam dragon is heavily wounded.
The steam dragon breathes steam at you. The ball of steam hits you!
Your icy armour melts away.
* * * LOW HITPOINT WARNING * * *
The steam dragon bites you!
* * * LOW HITPOINT WARNING * * *
The steam dragon barely misses you.
Casting: Freeze (safe; 2% risk of failure)
Confirm with . or Enter, or press ? or * to list all spells.
Aiming: Freeze (safe; 2% risk of failure)
Press: ? - help, Shift-Dir - straight line, f/p - steam dragon
Aim: a steam dragon (heavily wounded)
You freeze the steam dragon.
The steam dragon is severely wounded.
The steam dragon barely misses you. The steam dragon closely misses you.
The steam dragon breathes steam at you. The ball of steam hits you!
You die...

.. #.....# .. #.....# ^~ #.....#
#### ####. #.....# ##... #..D
##.....+ ## ......#.. ##......#
.# ......#†########.......# .##
#..D.§§.........#'### ..#
#..§@§.§........#.... ..#
#....§.§........#.<.. ..#
+....§..§.......#....
.##.....###+#......§.§......###'#
.#.............################.#
.#.............#........#........
.#.........[...#........#........
.#.............#........#........
.#........[....#........#........


You could see a steam dragon (catching breath).

Vanquished Creatures
  A steam dragon (D:5)
  An ice beast (D:5)
  A bullfrog (D:5)
  A scorpion (D:5)
  3 vampire bats (D:3)
  An orc priest (D:3)
  A jelly (D:5)
  3 iguanas
  2 orc wizards (D:3)
  2 adders
  2 worms
  A dart slug (D:5)
  10 orcs
  3 bat skeletons (D:3)
  2 bat zombies (D:3)
  7 endoplasms
  3 giant cockroaches
  4 goblins
  4 hobgoblins
  8 jackals
  9 kobolds
  3 quokkas (D:3)
  5 ball pythons
  9 bats
  2 frilled lizards
  2 rats
90 creatures vanquished.

Vanquished Creatures (others)
  6 fungi (D:5)
6 creatures vanquished.

Grand Total: 96 creatures vanquished

Notes
Turn   | Place    | Note
-------+----------+-------------------------------------------
     0 | D:1      | avis the Demigod Ice Elementalist began the quest for the
                  | Orb.
     0 | D:1      | Reached XP level 1. HP: 14/14 MP: 5/5
   242 | D:1      | Reached skill level 4 in Ice Magic
   251 | D:1      | Reached XP level 2. HP: 19/20 MP: 2/7
  1218 | D:2      | Reached XP level 3. HP: 26/26 MP: 4/8
  1252 | D:2      | Found Puirhiah's Armour Shop.
  1495 | D:2      | Learned a level 3 spell: Ozocubu's Armour
  1734 | D:2      | Reached skill level 5 in Ice Magic
  2094 | D:3      | Reached XP level 4. HP: 33/33 MP: 10/10
  2105 | D:3      | Reached skill level 1 in Fighting
  2111 | D:3      | Reached skill level 1 in Ranged Weapons
  2111 | D:3      | Reached XP level 5. HP: 35/41 MP: 11/11
  2292 | D:3      | Learned a level 3 spell: Frozen Ramparts
  3135 | D:4      | Reached XP level 6. HP: 51/51 MP: 12/12
  3477 | D:5      | Entered Level 5 of the Dungeon
  3715 | D:5      | Found Guhaqurph's Fire Supplies.
  4014 | D:5      | Reached XP level 7. HP: 47/57 MP: 9/13
  4045 | D:5      | Noticed a steam dragon
  4052 | D:5      | Killed a steam dragon
  4058 | D:5      | Noticed a steam dragon
  4071 | D:5      | Killed from afar by a steam dragon

Illustrated notes

Levels and vault maps discovered:
D:1:      onia_arrival_pentagram, layout_basic, minmay_tetromino_i2
D:2:      layout_basic, serial_shops, shop, hex_medium
D:3:      layout_rooms, worldfamousw_hep_ancestral_shrine,
          kennysheep_vampire_church, kennysheep_orc_chapel
D:4:      layout_basic
D:5:      kennysheep_steamy, layout_gridville, marbit_many_paths, minivault_1,
          nicolae_shop_fire_sale [nicolae_sub_dead_trees]

Skill      XL: |  1  2  3  4  5  6  7 |
---------------+----------------------+-----
Ice Magic      | 4 5 |  5.0
Spellcasting   | 2 |  2.5
Fighting       | 2 3 |  3.0
Dodging        | 2 3 |  3.9
Stealth        | 2 |  2.0
Ranged Weapons | 1 2 4 |  4.0

Action                     |  1- 3 |  4- 6 |  7- 9 || total
---------------------------+-------+-------+-------++-------
  Melee: Unarmed           |     2 |       |       ||     2
         Falchion          |     9 |     9 |       ||    18
         Dagger            |     3 |       |       ||     3
   Fire: Sling             |    75 |    69 |    10 ||   154
   Cast: Freeze            |    49 |    30 |     6 ||    85
         Ozocubu's Armour  |     1 |     1 |     1 ||     3
         Frozen Ramparts   |       |       |     2 ||     2
 Armour: Robe              |    24 |    17 |     5 ||    46
  Dodge: Dodged            |    65 |    38 |    17 ||   120

Table legend: (Time is in decaauts)
 A = Elapsed time spent in this place.
 B = Non-inter-level travel time spent in this place.
 C = Inter-level travel time spent in this place.
 D = Time resting spent in this place.
 E = Time spent auto-exploring this place.
 F = Levels seen in this place.
 G = Mean time per level.
                   A        B        C        D        E       F      G
               +--------+--------+--------+--------+--------+-----+--------+
         Total |   4120 |   3707 |    413 |    729 |   2001 |   5 |  824.0 |
       Dungeon |   4120 |   3707 |    413 |    729 |   2001 |   5 |  824.0 |
               +--------+--------+--------+--------+--------+-----+--------+

Top non-repeatable levels by time:
     D:1: 1169 daAuts
     D:3: 1040 daAuts
     D:2: 711 daAuts
     D:4: 698 daAuts
     D:5: 499 daAuts
